 Dungeon Crawl Stone Soup version 0.18.1-50-g88ac8fd (webtiles) character file.

283 magog001 the Bolt Thrower (level 6, 0/50 HPs)
             Began as a Minotaur Hunter on Mar 18, 2017.
             Slain by a gnoll
             ... wielding a +0 flail
              (6 damage)
             ... on level 3 of the Dungeon.
             The game lasted 00:16:49 (2847 turns).

magog001 the Bolt Thrower (Minotaur Hunter)         Turns: 2847, Time: 00:16:49

Health: 0/50       AC:  2    Str: 18    XL:     6   Next: 7%
Magic:  0/5        EV: 12    Int:  8    God:
Gold:   107        SH:  0    Dex: 11    Spells: 0 memorised, 5 levels left

rFire  . . .     SeeInvis .     n - +2 short sword (drain)
rCold  . . .     Gourm    .     x - +0 robe (curse)
rNeg   . . .     Faith    .     (no shield)
rPois  .         Spirit   +     (helmet restricted)
rElec  .         Dismiss  .     (no cloak)
rCorr  .         Reflect  .     (no gloves)
SustAt .         Harm     .     (no boots)
MR     .....                    g - amulet of guardian spirit
Stlth  +.........               (no ring)
                                (no ring)

@: not resistant to hostile enchantments, very unstealthy
A: retaliatory headbutt, horns 2
a: no special abilities


You were on level 3 of the Dungeon.
You were not hungry.

You visited 1 branch of the dungeon, and saw 4 of its levels.

You collected 107 gold pieces.

Inventory:

Hand Weapons
 a - a +1 hand crossbow
 b - a +0 short sword
 m - a +0 hunting sling
 n - a +2 short sword of draining (weapon)
Missiles
 d - a bolt
 l - 20 sling bullets
Armour
 i - a +2 ring mail of fire resistance
 x - a cursed +0 robe (worn)
Jewellery
 g - an amulet of guardian spirit (around neck)
Scrolls
 j - a scroll of magic mapping
 o - 4 scrolls of amnesia
 p - 4 scrolls of identify
Potions
 e - 2 potions of agility {unknown}
 h - a potion of flight {unknown}
 s - a potion of curing {unknown}
 t - a potion of berserk rage {unknown}
 u - a potion of might {unknown}
 v - a potion of haste {unknown}
 w - a potion of heal wounds {unknown}
 z - 3 potions of lignification {unknown}
 A - a potion of beneficial mutation {unknown}
Comestibles
 c - a slice of pizza
 f - 3 bread rations
 k - 2 meat rations
 q - a beef jerky


   Skills:
 + Level 2.7 Fighting
 + Level 0.2 Short Blades
 * Level 7.6 Crossbows
 + Level 0.8 Armour
 + Level 2.7 Dodging
 + Level 1.0 Stealth


You had 5 spell levels left.
You didn't know any spells.

Dungeon Overview and Level Annotations

Branches:
Dungeon (4/15)
 Temple: D:4-7

Altars:
Fedhas
Kikubaaqudgha
Okawaru
Sif Muna


Innate Abilities, Weirdness & Mutations

You reflexively headbutt those who attack you in melee.
You have a pair of horns on your head.


Message History

You barely miss the orc priest.
The orc priest is moderately wounded.
The orc priest calls down the wrath of Beogh upon you.
Beogh smites you!
* * * LOW HITPOINT WARNING * * *
You hit the orc priest but do no damage.
The orc priest is moderately wounded.
The orc priest hits you with a short sword.
* * * LOW HITPOINT WARNING * * *
You puncture the orc priest! You drain the orc priest!
You headbutt the orc priest.
You kill the orc priest!
You have reached level 6!
Your experience leads to an increase in your attributes!
Increase (S)trength, (I)ntelligence, or (D)exterity?
You feel stronger.
You hit the gnoll. You drain the gnoll!
The gnoll is heavily wounded.
The gnoll hits you with a flail!
You die...

## #...# #.###.# #
#######...### #.# #.# #
####....[......####.# #.#
#########....##...>.....)...#
#.#
..........#..###...)...######
#.. #########......###g..###
##.# ########.....# #...#
#... #............####.##
##.# ###.######......@g).#
#.# ..#.# #.....###### #.#
..#.# ####### #.# ..#.######
#################.#
###......#
#.......<.........) ######.#
#.###############)# #.# #.#
#.# #.# #.# #.# ## #.# #.#
##########.#


You could see a gnoll.

Vanquished Creatures
  An orc priest (D:3)
  3 orc wizards (D:3)
  A worker ant (D:3)
  3 adders
  2 gnolls (D:3)
  3 oozes
  A dart slug (D:2)
  2 giant geckos (D:2)
  8 orcs (D:3)
  3 giant cockroaches
  8 goblins
  6 hobgoblins
  6 jackals
  7 kobolds
  A ball python (D:2)
  9 bats
  2 giant newts
  7 rats
73 creatures vanquished.

Notes
Turn   | Place    | Note
--------------------------------------------------------------
     0 | D:1      | magog001 the Minotaur Hunter began the quest for the Orb.
     0 | D:1      | Reached XP level 1. HP: 18/18 MP: 0/0
   134 | D:1      | Reached XP level 2. HP: 25/25 MP: 1/1
   225 | D:1      | Reached skill level 5 in Crossbows
   571 | D:2      | Reached XP level 3. HP: 30/30 MP: 2/2
   629 | D:2      | Found an iron altar of Okawaru.
  1273 | D:2      | Reached skill level 6 in Crossbows
  1273 | D:2      | Reached XP level 4. HP: 37/37 MP: 3/3
  1466 | D:3      | Found an ancient bone altar of Kikubaaqudgha.
  2060 | D:3      | Reached XP level 5. HP: 28/42 MP: 4/4
  2153 | D:3      | Found a deep blue altar of Sif Muna.
  2173 | D:3      | Reached skill level 7 in Crossbows
  2173 | D:3      | Reached skill level 1 in Stealth
  2384 | D:3      | Found a blossoming altar of Fedhas.
  2846 | D:3      | Reached XP level 6. HP: 6/50 MP: 1/5
  2847 | D:3      | Slain by a gnoll

Skill      XL: |  1  2  3  4  5 |
---------------+----------------+-----
Crossbows      | 5 6 7 |  7.6
Stealth        | 1 |  1.0
Fighting       | |  2.7
Short Blades   | |  0.2
Armour         | |  0.8
Dodging        | |  2.7

Action                   |  1- 3 |  4- 6 || total
-------------------------+-------+-------++-------
Melee: Short sword       |       |    67 ||    67
       Headbutt          |       |    10 ||    10
 Fire: Hand crossbow     |    86 |    20 ||   106
  Use: Scroll            |       |     5 ||     5
  Eat: Chunk             |     1 |     5 ||     6
Armor: Leather armour    |     4 |       ||     4
       Ring mail         |    12 |       ||    12
       Robe              |       |     8 ||     8
Dodge: Dodged            |    24 |    51 ||    75
